 Dungeon Crawl Stone Soup version 0.19-a0-1686-g35356ef (webtiles) character file.

566 Azru the Cudgeler (level 7, -3/52 HPs)
             Began as a Mummy Fighter on Sept 25, 2016.
             Killed by divine providence
             ... invoked by an orc priest
              (11 damage)
             ... on level 5 of the Dungeon.
             The game lasted 00:07:33 (4064 turns).

Azru the Cudgeler (Mummy Fighter)                   Turns: 4064, Time: 00:07:33

Health: -3/52      AC:  6    Str: 19    XL:     7   Next: 10%
Magic:  16/16      EV:  8    Int:  9    God:
Gold:   256        SH:  8    Dex: 12    Spells: 0 memorised, 6 levels left

rFire  . . .     SeeInvis .     a - +0 flail
rCold  + + .     Gourm    .     n - +0 robe {rC+}
rNeg   + + +     Faith    .     c - +0 shield
rPois  ∞         Spirit   .     (no helmet)
rElec  .         Dismiss  .     (no cloak)
rCorr  .         Reflect  .     j - +2 pair of gloves
MR     .....     Harm     .     (no boots)
Stlth  +.........               (no amulet)
                                p - ring of magical power
                                i - ring of protection from fire

@: slowed, very slow
A: no food or potions, fire vulnerability, cold resistance 1, negative energy
resistance 3, torment resistance, unbreathing
a: no special abilities


You were on level 5 of the Dungeon.
You were not hungry.

You visited 1 branch of the dungeon, and saw 5 of its levels.

You collected 256 gold pieces.

Inventory:

Hand Weapons
 a - a +0 flail (weapon)
Armour
 b - a +0 scale mail
 c - a +0 shield (worn)
 j - a +2 pair of gloves (worn)
 n - a +0 robe of cold resistance (worn)
Jewellery
 i - a ring of protection from fire (left hand)
 p - a ring of magical power (right hand)
 q - an uncursed ring of protection from fire
Wands
 m - a wand of paralysis (16/24)
 o - a wand of paralysis (9/24)
 s - a wand of confusion (30/48)
Scrolls
 d - 2 scrolls of recharging {unknown}
 e - a scroll of fear {unknown}
 f - 2 scrolls of enchant weapon {unknown}
 g - 2 scrolls of identify {unknown}
 h - a scroll of immolation {unknown}
 k - 4 scrolls of random uselessness {unknown}
 l - a scroll of amnesia {unknown}
 r - a scroll of teleportation {unknown}


   Skills:
 - Level 3.0 Fighting
 + Level 6.5 Maces & Flails
 - Level 2.4 Armour
 - Level 2.4 Shields


You had 6 spell levels left.
You didn't know any spells.

Dungeon Overview and Level Annotations

Branches:
Dungeon (5/15)
 Temple: D:4-7

Altars:
Ru


Innate Abilities, Weirdness & Mutations

You do not eat or drink.
Your flesh is vulnerable to fire.
You are immune to poison.
Your flesh is cold resistant. (rC+)
You are immune to negative energy. (rN+++)
You are immune to unholy pain and torment.
You can survive without breathing.


Message History

The orc priest is severely wounded.
The orc priest calls down the wrath of Beogh upon you.
You resist with significant effort.
You hit the orc priest.
The orc priest is almost dead.
The orc wizard gestures at you while chanting.
You feel yourself slow down. You block the orc priest's attack.
You closely miss the orc priest.
The orc priest is almost dead.
The orc wizard casts a spell.
The orc wizard blinks!
The orc priest calls down the wrath of Beogh upon you.
Beogh smites you!
* * * LOW HITPOINT WARNING * * *
The orc priest barely misses you.
You completely miss the orc priest.
The orc priest is almost dead.
The orc priest invokes the aid of Beogh against you.
Beogh smites you!
You die...

###################.#
..........o..§)@o..#
#####...##########.#
........'....##
........#.....#
........'...#>##
.####...###.#...
..(.............
........<...#..
............#....


You could see an orc priest and an orc wizard.

Vanquished Creatures
  Sigmund (D:3)
  A howler monkey (D:5)
  2 hounds (D:4)
  An orc priest (D:5)
  An orc wizard (D:4)
  A worker ant (D:4)
  Natasha (twice) (D:4)
  A howler monkey skeleton (D:4)
  7 adders
  An ooze (D:1)
  An adder skeleton (D:4)
  2 worms (D:3)
  5 leopard geckos
  6 orcs
  5 giant cockroaches
  15 goblins
  6 hobgoblins
  9 jackals
  2 ball pythons (D:2)
  3 bats
  3 frilled lizards
  4 kobolds
  2 leopard gecko skeletons (D:4)
  5 rats
86 creatures vanquished.

Notes
Turn   | Place    | Note
-------+----------+-------------------------------------------
     0 | D:1      | Azru the Mummy Fighter began the quest for the Orb.
     0 | D:1      | Reached XP level 1. HP: 18/18 MP: 1/1
    61 | D:1      | Reached skill level 2 in Maces & Flails
   185 | D:1      | Reached XP level 2. HP: 19/24 MP: 2/2
   765 | D:2      | Reached XP level 3. HP: 15/29 MP: 3/3
   774 | D:1      | Reached skill level 3 in Maces & Flails
  1305 | D:2      | Found a sacrificial altar of Ru.
  1341 | D:2      | Reached XP level 4. HP: 32/35 MP: 4/4
  1797 | D:3      | Noticed Sigmund
  1817 | D:3      | Killed Sigmund
  1817 | D:3      | Reached skill level 5 in Maces & Flails
  1817 | D:3      | Reached XP level 5. HP: 14/41 MP: 5/5
  2208 | D:3      | Reached XP level 6. HP: 35/47 MP: 6/6
  3102 | D:4      | Noticed Natasha
  3114 | D:4      | Killed Natasha
  3350 | D:4      | Noticed Natasha
  3358 | D:4      | Killed Natasha
  3358 | D:4      | Reached skill level 6 in Maces & Flails
  3656 | D:5      | Entered Level 5 of the Dungeon
  3997 | D:4      | Reached XP level 7. HP: 50/52 MP: 7/7
  4064 | D:5      | Killed from afar by an orc priest

Vault maps used:
D:1:      eino_arrival_cavern_b, minmay_pentomino_q2
D:2:      minivault_23, nicolae_ru_awakened_eye
D:3:      first_bread, uniq_sigmund
D:4:      minivault_5, uniq_natasha
D:5:      okawaru_trees_2, nemelex_altar_shiori, zaba_anthole,
          columned_hall_lemuel, minivault_4, solitary_fountain,
          uniq_blork_the_orc, uniq_duvessa, uniq_edmund

Skill      XL: |  1  2  3  4  5  6 |
---------------+-------------------+-----
Maces & Flails | 2 3 5 6 |  6.5
Fighting       | |  3.0
Armour         | |  2.4
Shields        | |  2.4

Action                   |  1- 3 |  4- 6 |  7- 9 || total
-------------------------+-------+-------+-------++-------
Melee: Flail             |   151 |   239 |    35 ||   425
 Stab: Sleeping          |       |     1 |       ||     1
Armor: Scale mail        |   111 |     9 |       ||   120
       Robe              |       |    80 |    15 ||    95
Dodge: Dodged            |    73 |   103 |     9 ||   185
Block: Shield            |    87 |   113 |    14 ||   214
